Map: Abyssal Reef LE

Players

Lambo - Winner!

  • Race: Zerg Zerg
  • Spawn Location: 11:00

ZhuGeLiang

  • Race: Zerg Zerg
  • Spawn Location: 5:00

Event: WCS Valencia 2017

VOD

Have the link to the VOD?

Description

Time

  • Played on: July 13, 2017, 10:58 a.m.
  • Length: 9:28

All games in this series

Show
View Real Time Build Order
Export as new Build Order

Lambo Zerg - Winner!

Build Orders: Hatch First, Zergling Baneling 

Get SALT Encoding   

  12  0:00  Drone  
  13  0:12  Overlord  
  13  0:17  Drone  
  14  0:30  Drone x2  
  14  0:34  Drone  
  17  0:52  Hatchery  
  17  0:55  Drone  
  17  0:58  Drone  
  18  1:09  Extractor  
  17  1:13  Spawning Pool  
  17  1:16  Drone  
  17  1:19  Drone  
  18  1:27  Drone  
  19  1:40  Overlord  
  19  2:00  Queen  
  19  2:01  Zergling x4  
  23  2:03  Queen  
  23  2:04  Zergling x2  
  26  2:08  Metabolic Boost  
  26  2:13  Drone  
  27  2:16  Drone  
  27  2:20  Spine Crawler  
  27  2:24  Zergling x2  
  28  2:32  Baneling Nest  
  28  2:34  Zergling x2  
  28  2:42  Zergling x4  
  30  2:51  Zergling x4  
  29  2:53  Zergling x2  
  29  2:59  Zergling x2  
  30  3:05  Zergling x2  
  26  3:14  Zergling x8  
  26  3:19  Baneling  
  27  3:20  Zergling x2  
  27  3:23  Zergling x2  
  22  3:45  Baneling x3  
  22  3:47  Queen  
  22  3:51  Baneling  
  22  3:54  Baneling  
  22  4:00  Zergling x4  
  24  4:09  Drone  
  25  4:15  Zergling x6  
  28  4:21  Baneling  
  24  4:33  Drone x3  
  27  4:38  Zergling x4  
  28  4:50  Baneling  
  28  4:51  Zergling x4  
  26  4:58  Queen  
  28  5:08  Spine Crawler  
  28  5:09  Baneling x2  
  28  5:13  Drone  
  28  5:24  Baneling  
  28  5:26  Drone x3  
  31  5:33  Drone x2  
  31  5:34  Baneling  
  33  5:46  Drone  
  33  5:47  Baneling x2, Drone  
  35  5:52  Overlord  
  35  5:56  Overlord  
  35  6:08  Drone  
  35  6:09  Overlord  
  35  6:10  Drone  
  35  6:11  Drone x2  
  39  6:15  Drone  
  39  6:18  Drone x2  
  42  6:28  Drone x3  
  42  6:29  Drone  
  46  6:35  Roach Warren  
  46  6:40  Zergling x6  
  46  6:44  Extractor  
  46  6:46  Zergling x4  
  46  6:57  Drone x2  
  46  6:58  Drone x2  
  48  7:03  Drone x3  
  48  7:06  Baneling  
  48  7:07  Baneling x5  
  51  7:11  Overlord  
  53  7:17  Roach  
  55  7:25  Roach x2  
  56  7:30  Extractor, Roach  
  56  7:31  Roach x2  
  56  7:37  Overlord  
  61  7:38  Hatchery  
  60  7:45  Evolution Chamber, Roach x3  
  60  7:47  Drone  
  66  7:54  Drone  
  66  7:56  Overlord  
  67  8:01  Overlord  
  67  8:04  Roach x3  
  73  8:08  Roach  
  75  8:15  Roach x2  
  75  8:16  Roach  
  75  8:17  Roach  
  82  8:29  Zergling x8  
  82  8:33  Zergling x2  
  87  8:41  Zergling x6  
  90  8:47  Zergling x4  
  92  8:54  Zergling x10  
  97  8:57  Ravager  
  97  8:58  Overlord  
  97  9:00  Overlord  
  96  9:03  Ravager  
  96  9:09  Overlord  
Show
View Real Time Build Order
Export as new Build Order

ZhuGeLiang Zerg 

Build Orders: Pool First, Zergling Baneling 

Get SALT Encoding   

  12  0:01  Drone  
  13  0:14  Extractor  
  12  0:24  Spawning Pool  
  12  0:28  Drone  
  12  0:33  Drone  
  13  0:38  Drone  
  14  0:50  Overlord  
  14  1:10  Queen  
  14  1:11  Zergling x2  
  17  1:18  Metabolic Boost  
  17  1:24  Zergling x2  
  18  1:29  Zergling x2  
  19  1:34  Zergling x2  
  20  1:43  Baneling Nest  
  20  1:46  Zergling x2  
  20  1:52  Zergling x2  
  21  1:59  Overlord  
  21  2:12  Zergling x2  
  22  2:21  Zergling x6  
  25  2:23  Zergling x2  
  26  2:32  Baneling x2  
  26  2:33  Zergling x2  
  27  2:41  Baneling x2  
  27  2:49  Zergling x2  
  27  2:56  Zergling x6  
  29  3:03  Zergling x2  
  26  3:15  Baneling x3  
  26  3:18  Zergling x2  
  24  3:28  Zergling x2  
  21  3:42  Zergling x4  
  21  3:43  Zergling x2  
  23  3:49  Zergling x2  
  23  3:53  Baneling x2  
  24  3:58  Zergling x6  
  24  4:01  Baneling x2  
  27  4:05  Zergling x2  
  28  4:12  Baneling  
  28  4:14  Zergling x2  
  28  4:28  Zergling x4  
  25  4:43  Zergling x6  
  21  4:55  Zergling x2  
  22  5:07  Baneling x3  
  22  5:08  Zergling x2  
  23  5:23  Hatchery  
  23  5:26  Baneling x2  
  22  5:30  Drone  
  22  5:34  Drone  
  24  5:42  Drone  
  25  5:43  Drone  
  25  5:48  Drone  
  27  5:56  Drone  
  28  6:03  Overlord  
  28  6:09  Drone x2  
  30  6:21  Queen  
  30  6:23  Drone  
  33  6:28  Drone x2  
  33  6:32  Zergling x2  
  36  6:39  Zergling x4  
  36  6:55  Drone x5  
  36  6:58  Drone  
  39  7:06  Drone  
  40  7:10  Drone  
  41  7:20  Hatchery  
  40  7:23  Drone  
  40  7:24  Evolution Chamber  
  40  7:25  Drone x2  
  42  7:30  Overlord  
  42  7:33  Drone  
  42  7:34  Drone  
  44  7:41  Lair  
  44  7:43  Extractor  
  43  7:45  Overlord  
  43  7:46  Drone  
  43  7:49  Drone  
  43  7:50  Drone  
  46  7:59  Roach Warren  
  46  8:03  Drone x2  
  47  8:07  Drone x2  
  47  8:08  Drone  
  50  8:15  Drone x3  
  50  8:18  Drone  
  54  8:20  Extractor  
  54  8:25  Drone  
  54  8:26  Drone x3  
  57  8:35  Overlord  
  57  8:37  Overlord  
  57  8:39  Roach  
  57  8:40  Roach  
  61  8:44  Roach  
  58  8:49  Roach x2  
  58  8:55  Roach x2  
  65  8:59  Roach x2  
  68  9:04  Roach  
  68  9:06  Ravager x2  
Tags
 
Add a new tag
Caveats
  • Supply blocks, unpowered buildings, or Contaminate may cause inaccurate times.
  • Supply counts are checked every 10 seconds.